 Dungeon Crawl Stone Soup version 0.30.1-6-gbe392663c4 (webtiles) character file.

Game seed: 16057861896527731494

188 ChiefBigBeans the Trooper (level 5, -2/50 HPs)
             Began as a Minotaur Berserker on Sept 21, 2023.
             Was a Priest of Trog.
             Slain by a steam dragon (7 damage)
             ... on level 3 of the Dungeon.
             The game lasted 00:07:29 (2745 turns).

ChiefBigBeans the Trooper (Minotaur Berserker)      Turns: 2745, Time: 00:07:30

Health: -2/50      AC: 27    Str: 22    XL:     5   Next: 39%
Magic:  4/4        EV:  6    Int:  4    God:    Trog [***...]
Gold:   177        SH:  0    Dex: 11    Spells: 4/4 levels left

rFire   . . .        n - +7 club
rCold   . . .        (no shield)
rNeg    . . .        e - +15 Maxwell's patent armour {-Cast -Tele rElec Will+ rCorr}
rPois   .            (helmet restricted)
rElec   +            k - scarf {+Inv}
rCorr   +            i - +0 pair of gloves
SInv    .            (no boots)
Will    +....        (no amulet) Stlth
                     (no ring)
HPRegen 0.28/turn    (no ring)
MPRegen 0.09/turn

%: no teleportation, no spellcasting
@: no status effects
A: horns 2, retaliatory headbutt
a: Renounce Religion, Evoke Invisibility, Berserk, Trog's Hand


You were on level 3 of the Dungeon.
You worshipped Trog.
Trog was most pleased with you.
You visited 1 branch of the dungeon, and saw 4 of its levels.

You collected 177 gold pieces.

Inventory:

Hand Weapons
 h - a +4 short sword
 n - a +7 club (weapon)
Armour
 e - the +15 Maxwell's patent armour (worn) {-Cast -Tele rElec Will+ rCorr}
   (You acquired it on level 3 of the Dungeon)

   rElec:     It insulates you from electricity.
   -Cast:     It prevents spellcasting.
   -Tele:     It prevents most forms of teleportation.
   rCorr:     It protects you from acid and corrosion.
   Will:      It increases your willpower.
 i - a +0 pair of gloves (worn)
 k - a scarf of invisibility (worn)
Jewellery
 o - an amulet of magic regeneration
Wands
 a - a wand of iceblast (14)
 d - a wand of flame (10)
 l - a wand of light (9)
Scrolls
 f - a scroll of teleportation
 j - 3 scrolls of noise


   Skills:
 - Level 5.8 Fighting
 - Level 3.1(4.1) Short Blades
 - Level 4.2(4.8) Long Blades
 * Level 1.1 Maces & Flails
 + Level 2.4 Armour
 - Level 2.1 Dodging


You had 4 spell levels left.
You didn't know any spells.
Your spell library contained the following spells:

 Spells                   Type           Power      Damage    Failure   Level
 Slow                     Hex            0%         N/A       100%        1
 Confusing Touch          Hex            0%         N/A       100%        3
 Vampiric Draining        Necr           0%         2d6       100%        3


Dungeon Overview and Level Annotations

Branches:
Dungeon (4/15)
 Temple: D:4-7

Altars:


Innate Abilities, Weirdness & Mutations

You have a pair of horns on your head.
You reflexively headbutt those who attack you in melee.


Message History

You barely miss the steam dragon. Your headbutt misses the steam dragon.
The steam dragon breathes steam at you.
The ball of steam hits you but does no damage.
You hear a shout!
You barely miss the steam dragon.
You are engulfed in a cloud of scalding steam.
The steam dragon completely misses you.
The steam dragon claws you but does no damage.
You barely miss the steam dragon.
You are engulfed in a cloud of scalding steam.
A goblin comes into view. It is wielding a +0 dagger.
The steam dragon closely misses you.
The steam dragon claws you but does no damage.
You hit the steam dragon. You headbutt the steam dragon.
The steam dragon is lightly wounded.
You are engulfed in a cloud of scalding steam.
The steam dragon closely misses you.
The steam dragon claws you but does no damage.
The steam dragon breathes steam at you. The ball of steam hits you!!
You are too injured to fight recklessly!
You are too injured to fight recklessly!
You aren't carrying any potions.
You aren't carrying any potions.
You cannot teleport because you are wearing the +15 Maxwell's patent armour {-Cast -Tele rElec Will+ rCorr}.
You are engulfed in a cloud of scalding steam.
The steam dragon bites you but does no damage.
The steam dragon claws you but does no damage.
There is a stone staircase leading up here.
You are engulfed in a cloud of scalding steam.
* * * LOW HITPOINT WARNING * * *
The steam dragon bites you.
* * * LOW HITPOINT WARNING * * *
The steam dragon claws you.
* * * LOW HITPOINT WARNING * * *
You climb upwards.
There is a stone staircase leading down here.
The steam dragon attacks as you move away!
The steam dragon bites you!
You die...

....##..........###...# #
†...#.....#.....# #...# #
...##..........####...# #
##......÷......#......# #
######........##.###..###########
...#####......##.#.....))†.....##
##..######...###.##)..########.##
##...######.#..D.).#.....# #.##
####...####.#.#@########.# #.##
#...........÷.#.##.......# #.#.
#......########.##.####### #.#.
##.........# #....#.# #.#.
...........# #....#.# #.#.
..######>..# #....#.# #.#. ..##
#...# ###.##.##########.#. ...#
#...# #.#.............#. ...#
#...# #.###############.


You could see a steam dragon.

Vanquished Creatures
  Jessica (D:3)
  Terence (D:3)
  Robin (D:3)
  3 adders
  A worm (D:2)
  A dart slug (D:2)
  An orc (D:3)
  5 ball pythons
  7 endoplasms
  A giant cockroach (D:3)
  20 goblins
  9 hobgoblins
  10 jackals
  4 kobolds
  4 quokkas (D:3)
  8 bats
  2 frilled lizards
  5 rats
84 creatures vanquished.

Notes
Turn   | Place    | Note
-------+----------+-------------------------------------------
     0 | D:1      | ChiefBigBeans the Minotaur Berserker began the quest for
                  | the Orb.
     0 | D:1      | Reached XP level 1. HP: 19/19 MP: 0/0
   224 | D:1      | Reached skill level 4 in Fighting
   225 | D:1      | Reached XP level 2. HP: 26/27 MP: 1/1
   393 | D:1      | Found a faded altar of an unknown god.
   884 | D:2      | Reached skill level 1 in Short Blades
   884 | D:2      | Reached XP level 3. HP: 34/34 MP: 2/2
  1103 | D:2      | Reached ** piety under Trog
  1391 | D:2      | Reached XP level 4. HP: 41/41 MP: 3/3
  1687 | D:3      | Noticed Terence
  1696 | D:3      | Killed Terence
  1697 | D:3      | Reached skill level 5 in Fighting
  2093 | D:3      | Noticed Robin
  2140 | D:3      | Reached *** piety under Trog
  2141 | D:3      | Reached XP level 5. HP: 48/48 MP: 4/4
  2224 | D:3      | Noticed Jessica
  2226 | D:3      | Killed Jessica
  2302 | D:3      | Killed Robin
  2303 | D:3      | Reached skill level 1 in Maces & Flails
  2534 | D:3      | Identified a scroll of acquirement
  2534 | D:3      | Acquired the +15 Maxwell's patent armour {-Cast -Tele rElec
                  | Will+ rCorr}
  2534 | D:3      | Found the +15 Maxwell's patent armour {-Cast -Tele rElec
                  | Will+ rCorr}
  2735 | D:4      | Noticed a steam dragon
  2745 | D:3      | Slain by a steam dragon

Illustrated notes

Levels and vault maps discovered:
D:1:      lemuel_arrival_funnel, layout_basic,
          hellmonk_ecumenical_altar_pennies_from_heaven
D:2:      layout_loops_corners
D:3:      minmay_skewed_foursquare, layout_basic, uniq_jessica, uniq_robin,
          uniq_terence
D:4:      layout_cave_pods, enter_ossuary_2, minmay_misc_feat_rows,
          minmay_misc_feat_hallway, minmay_misc_feat_square

Skill      XL: |  1  2  3  4  5 |
---------------+----------------+-----
Fighting       | 4 5 |  5.8
Long Blades    | 4 |  4.2
Short Blades   | 1 2 3 |  3.1
Maces & Flails | 1 |  1.1
Armour         | |  2.4
Dodging        | |  2.1

Action                     |  1- 3 |  4- 6 || total
---------------------------+-------+-------++-------
  Melee: Falchion          |    43 |       ||    43
         Headbutt          |     8 |     9 ||    17
         Short sword       |    58 |    74 ||   132
         Punch             |     1 |     1 ||     2
         Club              |       |    29 ||    29
    Use: Scroll            |     3 |     5 ||     8
         Potion            |     2 |     1 ||     3
 Armour: Ring mail         |    20 |       ||    20
         Plate armour      |    23 |    77 ||   100
  Dodge: Dodged            |    24 |    32 ||    56
